Map: Dusk Towers

Players

IIIIIIIIIIII - Winner!

  • Race: Zerg Zerg
  • League: Master

Eluwyn

  • Race: Protoss Protoss
  • League: Platinum

VOD

Have the link to the VOD?

Description

Time

  • Played on: Feb. 26, 2016, 9:18 a.m.
  • Length: 9:05
Show
View Real Time Build Order
Export as new Build Order

IIIIIIIIIIII Zerg - Winner!

Build Orders: 3 Hatch before Pool 

Get SALT Encoding   

  12  0:01  Drone  
  13  0:09  Drone  
  14  0:17  Overlord  
  14  0:28  Drone, Extractor x2  
  12  0:29  Drone  
  16  0:35  Drone  
  17  0:53  Hatchery  
  16  0:57  Drone  
  16  0:59  Drone  
  18  1:21  Hatchery  
  18  1:25  Drone  
  18  1:27  Drone  
  19  1:41  Spawning Pool  
  19  1:44  Drone, Extractor  
  18  1:47  Drone  
  18  1:50  Drone  
  20  1:59  Drone  
  21  2:07  Drone  
  22  2:10  Drone  
  23  2:19  Drone  
  23  2:21  Drone  
  25  2:28  Queen, Drone  
  28  2:32  Queen  
  28  2:34  Drone  
  31  2:37  Overlord  
  31  2:41  Drone  
  31  2:43  Drone  
  33  2:47  Metabolic Boost  
  33  2:52  Zergling x2  
  33  2:55  Drone  
  35  2:59  Drone x2  
  35  3:00  Drone  
  35  3:04  Queen  
  40  3:08  Drone x2  
  42  3:18  Overlord  
  42  3:20  Overlord  
  42  3:27  Spore Crawler  
  42  3:28  Drone  
  42  3:31  Spore Crawler  
  42  3:32  Drone  
  42  3:35  Spore Crawler, Drone  
  42  3:37  Overlord  
  42  3:38  Drone  
  42  3:39  Drone x2  
  45  3:42  Drone  
  46  3:48  Drone  
  46  3:49  Drone x4  
  51  4:00  Drone x2  
  53  4:06  Drone x4  
  53  4:08  Queen  
  59  4:10  Overlord  
  59  4:14  Overlord x2  
  59  4:16  Lair  
  59  4:23  Roach Warren  
  57  4:32  Drone x2  
  57  4:34  Drone x3  
  57  4:35  Drone  
  57  4:36  Hatchery  
  62  4:41  Drone, Extractor x2  
  62  4:42  Drone x3  
  62  4:45  Extractor  
  63  4:55  Drone x6  
  63  4:56  Drone x2, Extractor  
  70  5:00  Evolution Chamber, Extractor  
  70  5:01  Evolution Chamber  
  70  5:03  Drone  
  68  5:11  Drone x5  
  73  5:18  Glial Reconstitution  
  73  5:21  Hydralisk Den  
  72  5:22  Drone x4  
  72  5:25  Zerg Missile Weapons Level 1  
  76  5:32  Zerg Ground Armor Level 1  
  76  5:40  Overlord x4  
  76  5:42  Hatchery  
  75  5:47  Overlord x2  
  75  5:54  Hydralisk x3  
  78  5:58  Hydralisk x2  
  78  5:59  Hydralisk  
  78  6:02  Muscular Augments  
  84  6:06  Queen  
  84  6:09  Drone x5  
  90  6:38  Roach x14  
  116  6:42  Roach x3  
  122  6:50  Roach  
  122  6:51  Roach  
  122  6:54  Overlord x4  
  114  7:12  Hydralisk x9  
  126  7:23  Hydralisk x3  
  126  7:26  Queen, Drone x6  
  140  7:34  Zergling x2  
  141  7:37  Lurker Den  
  141  7:38  Extractor  
  141  7:40  Extractor  
  139  7:45  Zergling x2  
  139  7:46  Zergling x12  
  146  7:57  Overlord x2  
  146  8:01  Zergling x6  
  146  8:02  Zergling x8  
  146  8:03  Ravager x3  
  156  8:15  Ravager x2  
  156  8:16  Zergling x24  
  170  8:25  Overseer  
  170  8:28  Ravager x2  
  170  8:33  Spore Crawler  
Show
View Real Time Build Order
Export as new Build Order

Eluwyn Protoss 

Build Orders: 1 Gate Expand, Phoenix Opening 

Get SALT Encoding   

  12  0:04  Probe (Chrono Boost)  
  13  0:15  Probe (Chrono Boost)  
  13  0:19  Pylon  
  14  0:25  Probe (Chrono Boost)  
  15  0:37  Probe (Chrono Boost)  
  16  0:46  Gateway  
  16  0:47  Probe (Chrono Boost)  
  17  0:51  Assimilator  
  17  0:58  Probe (Chrono Boost)  
  18  1:08  Probe (Chrono Boost)  
  19  1:19  Probe (Chrono Boost)  
  20  1:26  Nexus  
  20  1:30  Probe (Chrono Boost)  
  21  1:40  Probe (Chrono Boost)  
  21  1:44  Cybernetics Core  
  22  1:53  Pylon  
  23  1:54  Probe (Chrono Boost)  
  23  2:03  Assimilator  
  23  2:11  Zealot, Probe (Chrono Boost)  
  26  2:22  Probe (Chrono Boost)  
  27  2:34  Stargate  
  27  2:35  Probe (Chrono Boost)  
  28  2:38  Probe (Chrono Boost)  
  29  2:47  Probe (Chrono Boost)  
  29  2:49  Adept, Pylon  
  32  2:52  Warp Gate  
  32  2:53  Probe (Chrono Boost)  
  32  2:58  Probe (Chrono Boost)  
  34  3:03  Probe (Chrono Boost)  
  35  3:08  Probe (Chrono Boost)  
  35  3:12  Pylon  
  36  3:14  Probe (Chrono Boost)  
  36  3:16  Adept  
  36  3:19  Probe (Chrono Boost)  
  40  3:23  Probe (Chrono Boost)  
  40  3:24  Phoenix (Chrono Boost)  
  43  3:30  Probe  
  43  3:32  Twilight Council  
  43  3:33  Probe  
  45  3:43  Adept  
  45  3:45  Probe  
  45  3:46  Assimilator  
  45  3:47  Assimilator  
  48  3:52  Probe  
  49  3:57  Pylon  
  49  3:58  Probe  
  50  4:05  Probe  
  51  4:10  Adept, Probe  
  51  4:15  Probe  
  55  4:27  Resonating Glaives (Chrono Boost), Probe x2, Pylon x2  
  55  4:28  Phoenix (Chrono Boost)  
  55  4:30  Nexus  
  59  4:40  Probe x2  
  59  4:42  Adept  
  59  4:43  Forge  
  63  4:46  Pylon  
  63  4:49  Phoenix  
  66  5:00  Probe  
  66  5:03  Mothership Core  
  66  5:05  Gateway  
  68  5:08  Gateway  
  68  5:12  Probe  
  69  5:17  Phoenix  
  71  5:24  Probe x2  
  71  5:27  Protoss Ground Weapons Level 1 (Chrono Boost)  
  73  5:35  Pylon  
  73  5:36  Probe x2  
  73  5:42  Phoenix  
  77  5:45  Probe  
  77  5:48  Probe x2  
  80  5:55  Probe  
  81  6:00  Probe  
  81  6:01  Adept  
  84  6:08  Probe  
  84  6:10  Probe, Robotics Facility  
  86  6:13  Robotics Facility  
  86  6:14  Adept x2  
  86  6:18  Probe  
  91  6:23  Phoenix  
  93  6:27  Probe  
  93  6:31  Adept  
  96  6:35  Probe  
  95  6:42  Probe, Pylon  
  96  6:53  Adept x3  
  100  7:08  Probe x2  
  90  7:16  Immortal (Chrono Boost)  
  90  7:18  Immortal (Chrono Boost)  
  90  7:24  Assimilator  
  90  7:25  Assimilator  
  90  7:26  Adept x3  
  90  7:28  Probe  
  91  7:49  Pylon  
  91  7:50  Pylon  
  91  7:51  Immortal  
  91  7:56  Immortal  
  91  7:57  Stalker x2  
  91  7:58  Stalker  
  105  8:00  Gateway  
  105  8:03  Gateway  
  105  8:04  Void Ray  
  109  8:07  Gateway  
  109  8:13  Pylon  
  109  8:19  Pylon  
  109  8:21  Stalker x3  
  121  8:47  Pylon  
  113  8:49  Stalker x2, Pylon  
Tags
 
Add a new tag
Caveats
  • Supply blocks, unpowered buildings, or Contaminate may cause inaccurate times.
  • Supply counts are checked every 10 seconds.